 Dungeon Crawl Stone Soup version 0.30-b1-2-g02819fbbbe (webtiles) character file.

Game seed: 10813727046512488513

7825 Alarkh the Destroyer (level 11, 75/75 HPs)
             Began as a Demonspawn Conjurer on June 25, 2023.
             Was a Follower of Uskayaw.
             Got out of the dungeon alive.
             The game lasted 00:20:53 (10565 turns).

Alarkh the Destroyer (Demonspawn Conjurer)         Turns: 10565, Time: 00:20:54

Health: 75/75      AC: 10    Str:  7    XL:     11   Next: 1%
Magic:  23/23      EV: 10    Int: 24    God:    Uskayaw [*.....]
Gold:   370        SH:  5    Dex: 12    Spells: 19/26 levels left

rFire   . .          .
                       - Unarmed
rCold   . . .        (no shield)
rNeg    . . .        D - +1 ring mail {Will+}
rPois   .            (no helmet)
rElec   .            (no cloak)
rCorr   .            (no gloves)
SInv    +            l - +0 pair of boots {Fly}
Will    +....        v - amulet of reflection
Stlth   ++           y - ring of see invisible
HPRegen 0.32/turn    (no ring)
MPRegen 0.36/turn

%: reflection
@: flying
A: claws 2, molten scales 2, demonic guardian 1, magic regeneration
a: Renounce Religion, Stomp


You escaped.
You worshipped Uskayaw.
Uskayaw was noncommittal.
You visited 2 branches of the dungeon, and saw 10 of its levels.
You also visited: Ossuary.

You collected 370 gold pieces.

Inventory:

Hand Weapons
 b - a +3 dagger
 c - a +0 dagger
Missiles
 g - a throwing net
Armour
 l - a +0 pair of boots of flying (worn)
 C - a +0 robe
 D - a +1 ring mail of willpower (worn)
Jewellery
 s - the ring of the Suburbs {+Blink rPois rC- Will- Int+6}
   (You found it on level 9 of the Dungeon)

   [ring of intelligence]

   Int:       It affects your intelligence (+6).
   rC:        It makes you vulnerable to cold.
   rPois:     It protects you from poison.
   +Blink:    It lets you blink.
   Will:      It decreases your willpower.
 v - an amulet of reflection (around neck)
 x - an amulet of faith
 y - a ring of see invisible (left claw)
 F - an amulet of the acrobat
Wands
 h - a wand of paralysis (1)
 I - a wand of digging (3)
Scrolls
 d - 3 scrolls of teleportation
 j - 3 scrolls of blinking
 k - 3 scrolls of amnesia
 p - 2 scrolls of magic mapping
 r - 2 scrolls of identify
 u - 3 scrolls of noise
 B - a scroll of silence
 E - 2 scrolls of immolation {unknown}
 G - a scroll of enchant armour
 H - a scroll of poison {unknown}
Potions
 a - 2 potions of magic
 e - a potion of heal wounds
 f - 2 potions of haste
 i - 2 potions of cancellation
 m - 3 potions of berserk rage
 n - 9 potions of curing
 o - a potion of degeneration
 q - 6 potions of might
 t - a potion of lignification
 z - 3 potions of attraction
 A - 2 potions of brilliance


   Skills:
 + Level 3.6 Fighting
 + Level 3.2 Armour
 + Level 3.8 Dodging
 + Level 4.1 Stealth
 * Level 4.8 Unarmed Combat
 - Level 8.0 Spellcasting
 - Level 12.0 Conjurations
 + Level 2.7 Invocations


You had 19 spell levels left.
You knew the following spells:

 Your Spells              Type           Power      Damage    Failure   Level
a - Searing Ray           Conj           100%       2d8       1%          2
b - Magic Dart            Conj           100%       1d8       1%          1
c - Iskenderun's Mystic   Conj/Tloc      38%        2d9       17%         4

Your spell library contained the following spells:

 Spells                   Type           Power      Damage    Failure   Level
 Dazzling Flash           Conj/Hex       76%        N/A       5%          3
 Fulminant Prism          Conj/Hex       19%        3d10      17%         4
 Apportation              Tloc           18%        N/A       21%         1
 Beastly Appendage        Tmut           18%        N/A       21%         1
 Necrotise                Necr           36%        1d5       21%         1
 Slow                     Hex            36%        N/A       21%         1
 Wereblood                Tmut           9%         N/A       30%         2
 Call Canine Familiar     Summ           9%         N/A       52%         3
 Confusing Touch          Hex            9%         N/A       52%         3
 Gell's Gravitas          Tloc           9%         N/A       52%         3
 Portal Projectile        Hex/Tloc       18%        N/A       52%         3
 Spider Form              Tmut/Pois      9%         N/A       52%         3
 Teleport Other           Tloc           9%         N/A       52%         3
 Tukima's Dance           Hex            9%         N/A       52%         3
 Vampiric Draining        Necr           9%         2d6       52%         3
 Leda's Liquefaction      Hex/Erth       4%         N/A       90%         4
 Passage of Golubria      Tloc           9%         N/A       90%         4
 Agony                    Necr           9%         N/A       99%         5
 Alistair's Intoxication  Tmut/Pois      6%         N/A       99%         5
 Yara's Violent Unravell  Hex/Tmut       4%         3d4       99%         5
 Dispersal                Tloc           4%         N/A       100%        6


Dungeon Overview and Level Annotations

Branches:
Dungeon (9/15)             Temple (1/1) D:7            Lair (0/5) D:8
Ossuary (visited)
    Orc: D:9-12

Altars:
Ashenzari
Cheibriados
Dithmenos
Fedhas
Gozag
Kikubaaqudgha
Makhleb
Nemelex Xobeh
Okawaru
Qazlal
Ru
Sif Muna
Trog
Uskayaw
Vehumet
Wu Jian
Xom
Yredelemnul

Shops:
D:2 :   D:4 (   D:7 *


Innate Abilities, Weirdness & Mutations

You have very sharp fingernails.
You are mostly covered in molten scales. (AC +3)
A weak demonic guardian rushes to your aid.
You regenerate magic rapidly.


Message History

(D) Dungeon (T) Temple (L) Lair
Where to? (Enter - D:9 @ (x,y), ? - help)
You fly downwards.
There is a stone staircase leading up here.
You reach down and open the door.
There is an open door here.
s - the ring of the Suburbs {+Blink rPois rC- Will- Int+6}
(D) Dungeon (T) Temple (L) Lair
Where to? (Enter - D:9, ? - help)
What level of the Dungeon? (default 1, ? - help)
There is an open door here.
There is a stone staircase leading up here.
You fly upwards.
There is a stone staircase leading down here.
There is a stone staircase leading up here.
You fly upwards.
There is a stone staircase leading down here.
There is a stone staircase leading up here.
You fly upwards.
There is a stone staircase leading down here.
There is a stone staircase leading up here.
You fly upwards.
There is a stone staircase leading down here.
There is a stone staircase leading up here.
You fly upwards.
There is a stone staircase leading down here.
There is a stone staircase leading up here.
You fly upwards.
There is a stone staircase leading down here.
You see here a +0 chain mail.
There is a faded altar of an unknown god here.
There is a stone staircase leading up here.
You fly upwards.
There is a stone staircase leading down here.
There is a stone staircase leading up, spattered with blood here.
You fly upwards.
There is a stone staircase leading down here.
There is a staircase leading out of the dungeon here.
Are you sure you want to leave the Dungeon?
This will make you lose the game!
You have escaped!

.##.###........).........#### ##
....# #..................# ###.
.#.## #.................)# ##...
..## #..................# #..#.
.## #....###########...####.#..
..#####....#......(.⌠#...........
.#...###...#.≈≈≈≈≈...#..###......
.....# ###...........##.##..###..
.....#####......@..8.>#..[.####..
.......#.............##..####....
######...#.#.≈≈≈≈≈...#.#..##..#..
# #.....#........⌠#.......#..#
##.....###########.........##
###.......# #.####...##.#...##
###........## #.......###......#
#......#...# ###..............#
#..........######...#.#####.#####


There were no monsters in sight!

Vanquished Creatures
  A two-headed ogre (D:9)
  A fire crab (D:8)
  4 yaks (D:8)
  A wyvern (D:9)
  6 steam dragons
  An acid dragon (D:9)
  2 water moccasins (D:6)
  2 orc warriors (D:8)
  An ice beast (D:6)
  2 black bears
  2 ogres
  A centaur (D:7)
  A phantom (D:4)
  2 gnoll sergeants (D:8)
  2 kobold brigands
  12 scorpions
  3 bullfrogs
  31 wights
  6 killer bees (D:8)
  2 centaur zombies (Ossuary)
  3 human zombies (Ossuary)
  An orc priest (D:6)
  4 hounds
  2 jellies
  A gnoll bouda (D:4)
  A sleepcap (D:4)
  2 iguanas (D:5)
  Natasha (D:2)
  5 orc wizards
  3 scorpion zombies (Ossuary)
  4 mummies
  9 adders
  13 gnolls
  2 shadow imps
  2 white imps
  An ufetubus (D:5)
  2 worms (D:4)
  4 dart slugs
  14 orcs
  12 endoplasms
  6 giant cockroaches
  2 gnoll zombies (Ossuary)
  6 goblins
  7 hobgoblins
  3 jackals (D:2)
  9 kobolds
  5 quokkas
  12 ball pythons
  2 bats (D:1)
  2 frilled lizards
  5 goblin zombies
  5 hobgoblin zombies
  A kobold zombie (Ossuary)
  7 rats
241 creatures vanquished.

Notes
Turn   | Place    | Note
-------+----------+-------------------------------------------
     0 | D:1      | Alarkh the Demonspawn Conjurer began the quest for the Orb.
     0 | D:1      | Reached XP level 1. HP: 13/13 MP: 3/3
   245 | D:1      | Gained mutation: You have sharp fingernails. [demonic
                  | ancestry]
   245 | D:1      | Reached XP level 2. HP: 19/19 MP: 5/5
   687 | D:1      | Reached XP level 3. HP: 24/24 MP: 6/6
   933 | D:2      | Noticed Natasha
  1098 | D:2      | Reached skill level 5 in Conjurations
  1129 | D:2      | Found Ciw Vaef's Book Boutique.
  1293 | D:2      | Reached XP level 4. HP: 26/30 MP: 3/8
  1699 | D:2      | Killed Natasha
  1795 | D:2      | Reached XP level 5. HP: 35/35 MP: 6/9
  2257 | D:3      | Found a faded altar of an unknown god.
  2714 | D:4      | Learned a level 2 spell: Searing Ray
  2719 | D:4      | Learned a level 4 spell: Iskenderun's Mystic Blast
  2752 | D:4      | Noticed a phantom
  2777 | D:4      | Killed a phantom
  2778 | D:4      | Reached skill level 6 in Conjurations
  2975 | D:4      | Found a sand-covered staircase.
  2981 | D:4      | Gained mutation: You have very sharp fingernails. [demonic
                  | ancestry]
  2981 | D:4      | Reached XP level 6. HP: 37/41 MP: 1/11
  2983 | Ossuary  | Entered an ossuary
  3378 | Ossuary  | Reached skill level 7 in Conjurations
  3443 | Ossuary  | Gained mutation: You regenerate magic rapidly. [demonic
                  | ancestry]
  3443 | Ossuary  | Reached XP level 7. HP: 43/46 MP: 3/13
  3646 | Ossuary  | HP: 2/46 [poisoned by a scorpion]
  3650 | Ossuary  | Reached skill level 8 in Conjurations
  3860 | Ossuary  | Reached skill level 5 in Spellcasting
  3928 | Ossuary  | Gained mutation: You are partially covered in molten
                  | scales. (AC +2) [demonic ancestry]
  3928 | Ossuary  | Reached XP level 8. HP: 52/52 MP: 8/15
  4258 | D:4      | Reached skill level 9 in Conjurations
  4378 | D:4      | Found Dofil's Antique Weapon Boutique.
  4432 | D:5      | Entered Level 5 of the Dungeon
  5343 | D:6      | Reached skill level 10 in Conjurations
  5470 | D:6      | Gained mutation: You are mostly covered in molten scales.
                  | (AC +3) [demonic ancestry]
  5470 | D:6      | Reached XP level 9. HP: 38/57 MP: 11/18
  5916 | D:6      | Reached skill level 11 in Conjurations
  6664 | D:7      | Reached skill level 12 in Conjurations
  6805 | D:7      | Found a staircase to the Ecumenical Temple.
  6920 | D:7      | Found an opulent altar of Gozag.
  6920 | D:7      | Found Gozag's Platinum Reserve.
  7107 | D:7      | Reached skill level 1 in Unarmed Combat
  7108 | D:7      | Reached XP level 10. HP: 16/64 MP: 13/22
  7291 | D:7      | Reached skill level 1 in Fighting
  7291 | D:7      | Reached skill level 1 in Armour
  7566 | Temple   | Entered the Ecumenical Temple
  7740 | Temple   | Became a worshipper of Uskayaw the Reveller
  7795 | D:8      | Found a bloodstained altar of Trog.
  7795 | D:8      | Found an ancient bone altar of Kikubaaqudgha.
  7809 | D:8      | Reached * piety under Uskayaw
  7814 | D:8      | Reached ** piety under Uskayaw
  7817 | D:8      | Reached *** piety under Uskayaw
  7821 | D:8      | Reached **** piety under Uskayaw
  7878 | D:8      | Reached ***** piety under Uskayaw
  8056 | D:8      | Found a staircase to the Lair.
  8056 | D:8      | Noticed a fire crab
  8764 | D:8      | Found an iron altar of Okawaru.
  9111 | D:8      | Reached skill level 1 in Invocations
  9322 | D:8      | HP: 1/68 [fire crab] (23)]
  9621 | D:8      | Killed a fire crab
 10229 | D:9      | Noticed a two-headed ogre
 10253 | D:9      | Killed a two-headed ogre
 10254 | D:9      | Gained mutation: A weak demonic guardian rushes to your
                  | aid. [demonic ancestry]
 10254 | D:9      | Reached XP level 11. HP: 47/75 MP: 23/23
 10409 | D:9      | Identified the ring of the Suburbs {+Blink rPois rC- Will-
                  | Int+6}
 10565 | D:$      | Got out of the dungeon alive.

Illustrated notes

Levels and vault maps discovered:
D:1:      dreamdust_arrival_sigmund_warning, layout_rooms, st_stairs_13
D:2:      layout_basic, serial_shops, shop, uniq_natasha
D:3:      layout_basic, ebering_ecumenical_altar_hall, st_stairs_6
D:4:      layout_basic, nicolae_ossuary_entry_giza, serial_shops,
          nicolae_shop_stone
D:5:      cheibrodos_helix_gallery, layout_loops_ring
D:6:      layout_loops_ring, amethyst_killhole, dreamdust_princess_bridge
D:7:      layout_loops_ring, nicolae_gozag_zags_fifth_avenue,
          minmay_temple_entry_tees
D:8:      minmay_spotlight, layout_cave_pods, jmf_multi_god_temple,
          lemuel_doored_altar, minmay_lair_entry_lava
D:9:      layout_irregular_city, beargit_hepliaklqana_dungeon_heroes,
          nicolae_diode_stairs
Temple:   nicolae_temple_slightly_damp_pantheon

Skill      XL: |  1  2  3  4  5  6  7  8  9 10 |
---------------+-------------------------------+-----
Conjurations   | 5 6 7 8 10 12 | 12.0
Spellcasting   | 3 4 5 6 8 |  8.0
Stealth        | 2 4 |  4.1
Dodging        | 2 3 |  3.8
Unarmed Combat | 1 4 |  4.8
Fighting       | 3 |  3.6
Armour         | 3 |  3.2
Invocations    | 2 |  2.7

Action                     |  1- 3 |  4- 6 |  7- 9 | 10-12 || total
---------------------------+-------+-------+-------+-------++-------
  Melee: Unarmed           |    16 |       |       |    33 ||    49
         Dagger            |    37 |    29 |    13 |     3 ||    82
         Punch             |       |       |       |     1 ||     1
   Cast: Magic Dart        |    84 |    53 |     5 |     2 ||   144
         Searing Ray       |       |    22 |    86 |    52 ||   160
  Evoke: Wand              |       |       |       |    12 ||    12
    Use: Potion            |     1 |     1 |     3 |       ||     5
         Scroll            |       |     4 |     4 |     8 ||    16
   Stab: Sleeping          |     2 |     7 |     4 |       ||    13
         Paralysed         |       |       |       |    31 ||    31
 Armour: Robe              |    18 |    14 |    32 |       ||    64
         Ring mail         |       |       |     2 |    47 ||    49
  Dodge: Dodged            |    61 |    46 |    92 |    59 ||   258
  Block: Other             |       |       |    22 |    23 ||    45
         Reflection        |       |       |     1 |     1 ||     2
